 Dungeon Crawl Stone Soup version 0.27-a0-1448-g9c78c815f3 (webtiles) character file.

Game seed: 2033600383170282168

517 Delamore the Twirler (level 7, -3/56 HPs)
             Began as a Formicid Fighter on July 5, 2021.
             Was an Initiate of Gozag.
             Slain by a hornet (13 damage)
             ... in the Ecumenical Temple.
             The game lasted 00:03:22 (4189 turns).

Delamore the Twirler (Formicid Fighter)             Turns: 4189, Time: 00:03:22

Health: -3/56      AC:  6    Str: 22    XL:     7   Next: 44%
Magic:  7/7        EV:  8    Int:  8    God:    Gozag
Gold:   7          SH:  9    Dex: 10    Spells: 6/6 levels left

rFire    . . .     SeeInvis +   a - +0 quarterstaff
rCold    + . .     Faith    .   c - +0 kite shield
rNeg     . . .     Spirit   .   b - +0 scale mail
rPois    .         Reflect  .   (helmet unavailable)
rElec    .         Harm     .   (no cloak)
rCorr    .         Rampage  .   (no gloves)
Will     .....                  (no boots)
Stlth    ..........             (no amulet)
HPRegen  0.18/turn              i - +4 ring of slaying
MPRegen  0.10/turn              f - ring of protection from cold

@: mighty, lethally poisoned (-3 -> -7)
A: permanent stasis, dig shafts and tunnels, antennae 3, four strong arms
a: Dig, Renounce Religion, Potion Petition, Call Merchant, Bribe Branch


You were in the Ecumenical Temple.
You worshipped Gozag.
Gozag was noncommittal.
You visited 2 branches of the dungeon, and saw 6 of its levels.

You collected 36 gold pieces.
You paid 29 gold pieces to Gozag.

Inventory:

Hand Weapons
 a - a +0 quarterstaff (weapon)
Missiles
 l - 20 poisoned darts (quivered)
Armour
 b - a +0 scale mail (worn)
 c - a +0 kite shield (worn)
Jewellery
 f - a ring of protection from cold (right hand)
 i - a +4 ring of slaying (left hand)
Scrolls
 k - a scroll of identify
Potions
 e - a potion of cancellation
 g - a potion of curing
 j - a potion of degeneration {unknown}
 m - a potion of attraction {unknown}


   Skills:
 - Level 5.0 Fighting
 * Level 6.8 Staves
 - Level 3.2 Armour
 - Level 3.6 Shields


You had 6 spell levels left.
You didn't know any spells.
Your spell library contained the following spells:

 Spells                   Type           Power      Damage    Failure   Level
 Summon Small Mammal      Summ           0%         N/A       98%         1
 Call Canine Familiar     Summ           0%         N/A       100%        3
 Ignite Poison            Fire/Tmut/Pois 0%         N/A       100%        3
 Mephitic Cloud           Conj/Pois/Air  0%         N/A       100%        3
 Summon Guardian Golem    Hex/Summ       0%         N/A       100%        3
 Bolt of Magma            Conj/Fire/Erth 0%         4d4       100%        5


Dungeon Overview and Level Annotations

Branches:
Dungeon (7/15)             Temple (1/1) D:7

Altars:
Ashenzari
Cheibriados
Dithmenos
Fedhas
Gozag
Hepliaklqana
Kikubaaqudgha
Makhleb
Okawaru
Qazlal
Ru
Trog
Vehumet
Wu Jian
Xom
The Shining One

Shops:
D:7 **


Innate Abilities, Weirdness & Mutations

You cannot be hasted, slowed, berserked, paralysed or teleported.
You can dig through walls and to a lower floor.
You have a pair of large antennae on your head. (SInv)
Your four strong arms can wield two-handed weapons with a shield.


Message History

Your stasis prevents you from being slowed.
You hit the hornet but do no damage.
The hornet is lightly wounded.
The hornet completely misses you.
You sock the hornet!
The hornet is heavily wounded.
The hornet barely misses you. The hornet stings you!
* * * LOW HITPOINT WARNING * * *
Your stasis prevents you from being paralysed.
You feel better. The hornet stings you!
* * * LOW HITPOINT WARNING * * *
Your stasis prevents you from being slowed.
The hornet barely misses you.
It was a potion of heal wounds.
You feel much better. You block the hornet's attack.
You miss the hornet.
The hornet is moderately wounded.
The hornet stings you.
You are poisoned.
Your stasis prevents you from being slowed.
The hornet stings you!
Your stasis prevents you from being slowed.
You miss the hornet.
The hornet is moderately wounded.
You feel very sick. The hornet closely misses you.
You block the hornet's attack.
You feel much better.
You feel sick. You block the hornet's attack.
You feel very mighty all of a sudden.
You feel sick. You block the hornet's attack. The hornet stings you!
Your stasis prevents you from being paralysed.
You miss the hornet.
The hornet is moderately wounded.
You feel sick. The hornet stings you!
* * * LOW HITPOINT WARNING * * *
Your stasis prevents you from being slowed.
Your shield prevents you from hitting the hornet.
The hornet is moderately wounded.
You feel sick. The hornet stings you!
You die...
Your body crumbles into a pile of gold.

..........# #.....# #..........
###.......## #.._..# ##.......###
######.....###.....###.....######
.# ###....###...###....### #. .#
##.....##'##.....## #. .#
#...............# #. ##
##....⌠...⌠....## ## #
##.......y.....## #
#'......@......'# #
##.............## # ##
##....⌠...⌠....## ## .#
#...............# #. .#
##.....##'##.....## #. .#
###....###...###....### #.
######.....###.....###.....######
###.......## #.._..# ##.......###
..........# #.....# #..........


You could see a hornet.

Vanquished Creatures
  Sigmund (D:4)
  An ogre (D:3)
  A kobold brigand (D:3)
  A hound (D:3)
  4 adders (D:2)
  4 gnolls
  A white imp (D:7)
  2 worms (D:2)
  3 dart slugs
  3 orcs (D:3)
  4 ball pythons (D:2)
  10 endoplasms
  4 giant cockroaches (D:3)
  7 goblins
  5 hobgoblins
  3 kobolds
  10 quokkas
  3 bats
  6 frilled lizards
  8 rats
81 creatures vanquished.

Vanquished Creatures (others)
  52 plants (D:2)
52 creatures vanquished.

Grand Total: 133 creatures vanquished

Notes
Turn   | Place    | Note
-------+----------+-------------------------------------------
     0 | D:1      | Delamore the Formicid Fighter began the quest for the Orb.
     0 | D:1      | Reached XP level 1. HP: 18/18 MP: 1/1
   103 | D:1      | Reached XP level 2. HP: 24/24 MP: 2/2
   470 | D:1      | Found a faded altar of an unknown god.
   479 | D:1      | Reached XP level 3. HP: 26/30 MP: 3/3
   486 | D:1      | Reached skill level 3 in Staves
  1151 | D:2      | Found a hazy altar of Hepliaklqana.
  1412 | D:1      | Reached XP level 4. HP: 11/37 MP: 4/4
  1771 | D:2      | Found a shimmering altar of Xom.
  1808 | D:2      | Reached skill level 4 in Staves
  2006 | D:2      | Reached XP level 5. HP: 42/42 MP: 5/5
  2831 | D:3      | Noticed a kobold brigand
  2841 | D:3      | Killed a kobold brigand
  2842 | D:3      | Reached skill level 5 in Staves
  2842 | D:3      | Reached XP level 6. HP: 48/50 MP: 6/6
  2970 | D:3      | Noticed an ogre
  2977 | D:3      | Killed an ogre
  2978 | D:3      | Reached skill level 5 in Fighting
  3117 | D:3      | Found a bloodstained altar of Trog.
  3726 | D:4      | Noticed Sigmund
  3735 | D:4      | Killed Sigmund
  3736 | D:4      | Reached skill level 6 in Staves
  3736 | D:4      | Reached XP level 7. HP: 51/56 MP: 7/7
  3762 | D:4      | You fall into a shaft and drop 3 floors!
  3846 | D:7      | Found a staircase to the Ecumenical Temple.
  3855 | Temple   | Entered the Ecumenical Temple
  4134 | D:7      | Found Ofuidwij's General Store.
  4150 | Temple   | Became a worshipper of Gozag Ym Sagoz the Greedy
  4166 | D:7      | Noticed a hornet
  4167 | D:7      | Found Ovooco's Specific Store.
  4189 | Temple   | Slain by a hornet

Illustrated notes

Levels and vault maps discovered:
D:1:      minmay_arrival_solitary_statue, layout_basic, basic_ecumenical_altar
D:2:      wad_woods_stonehenge, layout_basic, basic_altar, minmay_tripent
D:3:      minmay_chambers_of_threes, layout_basic, bloody_trog
D:4:      layout_basic, minmay_hedge_maze, uniq_eustachio, uniq_sigmund,
          uniq_crazy_yiuf_cottage, uniq_duvessa
D:7:      layout_loops_cross, nicolae_overflow_hidden_temple,
          minmay_temple_entry_antechambers, grunt_decor_mini_mirrors,
          nicolae_specific_store, uniq_prince_ribbit1
Temple:   minmay_temple_curvy_branch

Skill      XL: |  1  2  3  4  5  6 |
---------------+-------------------+-----
Staves         | 3 4 5 6 |  6.8
Fighting       | 4 5 |  5.0
Armour         | |  3.2
Shields        | |  3.6

Action                   |  1- 3 |  4- 6 |  7- 9 || total
-------------------------+-------+-------+-------++-------
Melee: Quarterstaff      |    72 |   122 |    14 ||   208
Throw: Dart              |       |     1 |       ||     1
 Abil: Dig               |       |     4 |       ||     4
  Use: Scroll            |     2 |     4 |       ||     6
       Potion            |       |       |     4 ||     4
Armor: Scale mail        |    21 |    29 |       ||    50
Dodge: Dodged            |    23 |    39 |     7 ||    69
Block: Kite shield       |    30 |    69 |     7 ||   106

Table legend: (Time is in decaauts)
 A = Elapsed time spent in this place.
 B = Non-inter-level travel time spent in this place.
 C = Inter-level travel time spent in this place.
 D = Time resting spent in this place.
 E = Time spent auto-exploring this place.
 F = Levels seen in this place.
 G = Mean time per level.
                   A        B        C        D        E       F      G
               +--------+--------+--------+--------+--------+-----+--------+
         Total |   4247 |   4152 |     95 |    694 |   2856 |   6 |  707.8 |
       Dungeon |   3950 |   3869 |     81 |    694 |   2610 |   5 |  790.0 |
        Temple |    297 |    283 |     14 |      0 |    246 |   1 |  297.0 |
               +--------+--------+--------+--------+--------+-----+--------+

Top non-repeatable levels by time:
     D:1: 1429 daAuts
     D:2: 1339 daAuts
     D:3: 1010 daAuts
  Temple: 297 daAuts
     D:7: 133 daAuts
     D:4: 37 daAuts
